 Dungeon Crawl Stone Soup version 0.30-a0-862-g1aabd4f9c5 (webtiles) character file.

Game seed: 11381442348293137352

287210 oldriver the Warrior (level 20, -66/123 HPs)
             Began as a Gargoyle Chaos Knight on Mar 9, 2023.
             Was a Favourite Plaything of Xom.
             Killed from afar by an ancient lich (90 damage)
             ... with a crystal spear
             ... on level 5 of the Vaults on Mar 10, 2023.
             The game lasted 01:14:35 (33764 turns).

oldriver the Warrior (Gargoyle Chaos Knight)       Turns: 33764, Time: 01:14:36

Health: -66/123    AC: 55    Str: 24 (25) XL:     20   Next: 66%
Magic:  20/20      EV: 17    Int: 19      God:    Xom [..*...]
Gold:   3424       SH:  7    Dex: 12      Spells: 19/19 levels left

rFire   . . .      SeeInvis .    a - +5 broad axe (flame)
rCold   . . .      Faith    .    V - +2 buckler {AC+3}
rNeg    + . .      Spirit   .    j - +7 chain mail of Catatonia {Str+3 Int+3 Dex+3}
rPois   ∞          Reflect  .    w - +2 helmet
rElec   +          Rampage  .    E - +2 cloak
rCorr   +                        o - +2 pair of gloves
Will    +....                    u - +2 pair of boots Stlth
                                 C - amulet of regeneration
HPRegen 1.20/turn                v - +5 ring of evasion
MPRegen 0.17/turn                h - ring of resist corrosion

@: flying, unable to read
A: sickness immunity, AC +15, big wings, negative energy resistance 1,
electricity resistance, torment resistance 1, petrification resistance, claws 1,
deterioration 1, frail 1, screaming 2, inability to read after injury 1
}: 2/15 runes: decaying, serpentine
a: Renounce Religion


You were on level 5 of the Vaults.
You worshipped Xom.
You were a toy of Xom.
You visited 6 branches of the dungeon, and saw 34 of its levels.
You visited 1 bazaar.
You also visited: Bailey.

You collected 4631 gold pieces.
You spent 1207 gold pieces at shops.

Inventory:

Hand Weapons
 a - a +5 broad axe of flaming (weapon)
 b - the +0 demon whip of Arrival {freeze, SInv Stlth+}
   (You found it on level 9 of the Dungeon)

   SInv:      It lets you see invisible.
   Stlth:     It makes you more stealthy.
Missiles
 f - a throwing net
 M - 2 atropa-tipped darts
 Z - 4 silver javelins
Armour
 j - the +7 chain mail of Catatonia (worn) {Str+3 Int+3 Dex+3}
   (You bought it in a shop on level 2 of the Orcish Mines)

   Str:       It affects your strength (+3).
   Int:       It affects your intelligence (+3).
   Dex:       It affects your dexterity (+3).
 o - a +2 pair of gloves (worn)
 u - a +2 pair of boots (worn)
 w - a +2 helmet (worn)
 E - a +2 cloak (worn)
 V - a +2 buckler of protection (worn)
Jewellery
 h - a ring of resist corrosion (right hand)
 v - a +5 ring of evasion (left hand)
 B - a ring of protection from fire
 C - an amulet of regeneration (around neck)
 Y - a ring of protection from cold
Wands
 d - a wand of charming (42)
 q - a wand of mindburst (10)
 N - a wand of quicksilver (24)
 Q - a wand of digging (4)
 W - a wand of iceblast (9)
Scrolls
 e - 19 scrolls of teleportation
 g - a scroll of butterflies
 i - 4 scrolls of blinking
 n - a scroll of brand weapon
 t - 5 scrolls of fog
 D - 5 scrolls of poison
 I - 4 scrolls of fear
 R - a scroll of silence
 S - 14 scrolls of identify
 U - 2 scrolls of magic mapping
Potions
 k - 2 potions of magic
 l - 7 potions of curing
 m - 3 potions of might
 p - 2 potions of resistance
 A - a potion of ambrosia
 H - 3 potions of berserk rage
Miscellaneous
 c - a piece from Xom's chessboard (15/15)
 y - a tin of tremorstones (inert)
 L - a phantom mirror (inert) (quivered)
 O - a condenser vane (inert)
 T - a phial of floods


   Skills:
 + Level 18.7 Fighting
 - Level 17.5(18.0) Axes
 - Level 6.9(14.1) Maces & Flails
 + Level 18.7 Armour
 + Level 10.8 Dodging
 - Level 6.0 Shields
 - Level 14.0 Evocations


You had 19 spell levels left.
You didn't know any spells.
Your spell library contained the following spells:

 Spells                   Type           Power      Damage    Failure   Level
 Kiss of Death            Conj/Necr      0%         2d5       67%         1
 Magic Dart               Conj           0%         1d3       67%         1
 Necrotise                Necr           0%         1d4       67%         1
 Shock                    Conj/Air       0%         1d3       67%         1
 Ensorcelled Hibernation  Hex/Ice        0%         N/A       80%         2
 Passwall                 Tmut/Erth      0%         N/A       80%         2
 Searing Ray              Conj           0%         2d4       80%         2
 Confusing Touch          Hex            0%         N/A       95%         3
 Dazzling Flash           Conj/Hex       0%         N/A       95%         3
 Ozocubu's Armour         Ice            0%         N/A       95%         3
 Swiftness                Air            0%         N/A       95%         3
 Vampiric Draining        Necr           0%         2d6       95%         3
 Vhi's Electric Charge    Tloc/Air       0%         N/A       95%         3
 Airstrike                Air            0%         2d(0-16)  100%        4
 Dispel Undead            Necr           0%         3d6       100%        4
 Fulminant Prism          Conj/Hex       0%         3d5       100%        4
 Iskenderun's Mystic Bla  Conj/Tloc      0%         2d3       100%        4
 Summon Ice Beast         Ice/Summ       0%         N/A       100%        4
 Summon Lightning Spire   Summ/Air       0%         N/A       100%        4
 Agony                    Necr           0%         N/A       100%        5
 Arcjolt                  Conj/Air       0%         1d10      100%        5
 Fireball                 Conj/Fire      0%         3d3       100%        5
 Freezing Cloud           Conj/Ice/Air   0%         6-21      100%        5
 Iskenderun's Battlesphe  Conj           0%         2d6       100%        5
 Lightning Bolt           Conj/Air       0%         1d11      100%        5
 Metabolic Englaciation   Hex/Ice        0%         N/A       100%        5
 Summon Mana Viper        Hex/Summ       0%         N/A       100%        5
 Conjure Ball Lightning   Conj/Air       0%         3x3d6     100%        6
 Death Channel            Necr           0%         N/A       100%        6
 Simulacrum               Ice/Necr       0%         N/A       100%        6
 Starburst                Conj/Fire      0%         6d3       100%        6
 Monstrous Menagerie      Summ           0%         N/A       100%        7
 Orb of Destruction       Conj           0%         9d5       100%        7
 Storm Form               Tmut/Air       0%         N/A       100%        7
 Maxwell's Capacitive Co  Air            0%         ∞         100%        8
 Polar Vortex             Ice            0%         N/A       100%        9
 Cigotuvi's Dreadful Rot  Necr/Pois/Air  Unusable   N/A       N/A         2

Dungeon Overview and Level Annotations

Branches:
Dungeon (15/15)            Temple (0/1) D:6            Lair (5/5) D:9
  Swamp (4/4) Lair:3        Snake (4/4) Lair:3        Slime (0/5) Lair:5
    Orc (2/2) D:9             Elf (0/3) Orc:2        Vaults (4/5) D:13
 Depths (0/4) D:15         Bailey (visited)
  Crypt: Vaults:2-3

Altars:
Ashenzari
Dithmenos
Fedhas
Hepliaklqana
Kikubaaqudgha
Makhleb
Nemelex Xobeh
Sif Muna
Uskayaw
Xom
Jiyva

Shops:
D:2 :   D:9 [   D:11 :   Orc:2 *[(=   Snake:4 [

Annotations:
Lair:2 3 runed translucent doors, puppykicker's ghost, journeyman TeCj
Lair:4 exclusion: oklob plant
Lair:5 1 runed translucent door, exclusion: oklob plant
Vaults:2 1 transporter, Feshunla's ghost, adept KoEn
Vaults:5 Saint Roka


Innate Abilities, Weirdness & Mutations

You are immune to sickness and miasma.
Your stone body is resilient. (AC +15)
You are immune to poison.
Your large and strong wings let you fly.
You resist negative energy. (rN+)
You are resistant to electric shocks. (rElec)
You are resistant to unholy torment.
You are immune to petrification.
You have sharp fingernails.
Your body sometimes deteriorates upon taking damage.
You are frail. (-10% HP)
You frequently scream uncontrollably at your foes.
You occasionally lose the ability to read scrolls when taking damage.


Message History

Okay, then.
You feel yourself speed up.
The yaktaur shouts!
The ettin closely misses your butterfly.
The ettin hits your butterfly with a +0 dire flail!!!
Your butterfly dies!
Your butterfly disappears in a puff of smoke!
Something touches you but does no damage.
The tengu reaver points at you and mumbles some strange words.
The bolt of poison hits you but does no damage.
You resist.
The bolt of poison hits the freezing wraith.
The freezing wraith completely resists.
The quicksilver dragon barely misses you. x2
You feel better. You block the freezing wraith's attack.
The freezing wraith misses you.
A vault sentinel comes into view. It is wielding a +0 morningstar.
Something touches you but does no damage.
The quicksilver dragon breathes dispelling energy at you.
The bolt of dispelling energy hits you!
Your magical effects are unravelling.
* * * LOW HITPOINT WARNING * * *
You hear a shout!
You feel better.
You feel yourself slow down.
You flicker back into view.
You feel a little less mighty now.
Your resistance to elements expires.
You feel your willpower return. Xom grants you insight.
You detect creatures!
The tengu reaver hits you with a +2 great mace of protection!
* * * LOW HITPOINT WARNING * * *
The tengu reaver pecks you but does no damage.
The tengu reaver claws you but does no damage.
The vault sentinel blows a loud note on a signal horn!
You hear some strange, mumbled words.
A crystal spear appears from out of thin air!
The crystal spear hits you!!!!
Ouch! That really hurt!
You die...
Xom is highly amused!

#####################
............{........
..........W@QC.......
############D§......#
.p........
..)#....#..
c#WX#)...# .
C}#c.#..p.# .#
..p#....# .# ..#


You could see a tentacled monstrosity, a quicksilver dragon (catching breath), a
vault warden, a tengu reaver, an ettin, an ironbound frostheart, a vault
sentinel (catching breath) and a freezing wraith.

Vanquished Creatures
  Nikola (Swamp:2)
  Rupert (Lair:4)
  Jorgrun (Snake:2)
  A shadow dragon (Vaults:5)
  3 tengu reavers
  A thorn hunter (Swamp:1)
  A fire giant (Vaults:5)
  Aizul (Snake:4)
  A nagaraja (Snake:4)
  An iron dragon (Vaults:1)
  8 vault wardens
  3 ironbound preservers
  4 very ugly things
  3 orc warlords
  4 ironbound thunderhulks
  2 stone giants (Vaults:5)
  3 eleionomae (Swamp:3)
  18 dire elephants
  5 bunyips
  2 entropy weavers
  2 crystal guardians (Vaults:4)
  4 great orbs of eyes
  3 deep elf high priests
  5 yaktaur captains
  30 vault guards
  A rakshasa (D:15)
  5 catoblepae
  18 hydras
  4 ghost crabs
  A peacekeeper (Vaults:4)
  14 anacondas
  A spriggan air mage (Swamp:4)
  4 salamander tyrants
  An anaconda (shapeshifter) (Vaults:5)
  5 boulder beetles
  8 alligators
  Erica (Orc:1)
  18 centaur warriors
  5 ironbound frosthearts
  13 naga warriors
  5 tengu warriors (D:15)
  2 two-headed ogres
  5 death yaks (Lair:5)
  2 deep troll earth magi
  3 orc high priests (Orc:2)
  Urug (Lair:5)
  8 shock serpents
  A shock serpent (shapeshifter) (D:13)
  9 naga sharpshooters
  4 skysharks
  A fire crab (shapeshifter) (D:13)
  5 skeletal warriors (D:13)
  3 salamander mystics
  Lodul (D:11)
  5 goliath frogs
  A glowing orange brain (Vaults:1)
  3 spriggan druids (Swamp:4)
  A death drake (Swamp:4)
  A swamp dragon (shapeshifter) (D:15)
  14 swamp dragons
  8 deep trolls (Vaults:4)
  2 bog bodies
  8 naga ritualists
  2 phantasmal warriors (Vaults:5)
  A necromancer (Vaults:4)
  7 ironbound convokers
  A harpy (shapeshifter) (D:10)
  9 lindwurms
  8 orc knights
  2 wizards (Vaults:4)
  3 deep elf pyromancers
  11 mana vipers
  31 ugly things
  33 salamanders
  7 orc sorcerers
  8 manticores
  5 cyclopes
  A titan simulacrum (Vaults:4)
  4 vault sentinels
  7 guardian serpents
  14 naga magi
  27 black mambas
  16 cane toads
  3 kobold demonologists
  A rime drake (Lair:4)
  5 efreet
  An unseen horror (D:12)
  17 yaktaurs
  A freezing wraith (Vaults:4)
  A tengu conjurer (D:13)
  11 komodo dragons
  6 tyrant leeches
  A meliai (shapeshifter) (D:14)
  2 polar bears
  A shadow dragon simulacrum (Vaults:4)
  11 trolls
  7 hornets
  A dream sheep (shapeshifter) (D:5)
  6 dream sheep
  A blink frog (shapeshifter) (D:13)
  23 slime creatures
  A jumping spider (D:12)
  A spriggan (shapeshifter) (D:7)
  11 spriggans
  A shadow (D:11)
  7 wraiths
  2 wyverns (Lair:2)
  A vampire (D:12)
  50 yaks
  3 redbacks
  3 basilisks
  2 steam dragons (D:8)
  3 vampire mosquitoes
  9 swamp worms
  Menkaure (D:4)
  5 acid dragons
  33 nagas
  14 water moccasins
  Edmund (D:5)
  9 wargs
  A floating eye (Swamp:4)
  A swamp drake (shapeshifter) (Vaults:5)
  31 orc warriors
  7 swamp drakes
  2 black bears
  9 wolves
  13 ogres
  18 centaurs
  A lemure (D:7)
  A phantom (D:6)
  An elf simulacrum (Vaults:4)
  Blork the orc (D:5)
  8 bullfrogs
  3 scorpions
  4 wights (D:10)
  8 killer bees
  4 electric eels
  8 howler monkeys
  A lava snake (Snake:3)
  6 hounds
  A gnoll bouda (D:8)
  8 orc priests
  3 jellies
  Ijyb (D:5)
  16 orc wizards
  2 sleepcaps
  5 iguanas
  Robin (D:4)
  4 gnolls (D:8)
  12 adders
  A shadow imp (D:7)
  An ufetubus (D:5)
  5 worms
  3 dart slugs
  64 orcs
  4 ball pythons
  4 bats
  4 endoplasms
  5 giant cockroaches
  12 goblins
  9 hobgoblins
  2 jackals (D:1)
  6 quokkas
  A frilled lizard (D:1)
  9 kobolds
  2 rats
1066 creatures vanquished.

Vanquished Creatures (collateral kills)
  the Lernaean hydra (Swamp:4)
  A hydra (D:9)
  2 two-headed ogres
  Pikel (D:7)
  A wraith (D:10)
  2 nagas (Lair:3)
  A water moccasin (shapeshifter) (D:9)
  A swamp drake (Swamp:4)
  An ice beast (D:7)
  3 orc warriors
  A centaur (Bailey)
  A wolf (Lair:2)
  A gnoll sergeant (D:10)
  2 electric eels (D:9)
  A jelly (D:8)
  An orc priest (Orc:1)
  An orc wizard (Orc:1)
  9 gnolls
  9 orcs
  A goblin (D:4)
41 creatures vanquished.

Vanquished Creatures (others)
  A satyr (Swamp:4)
  3 dancing weapons
  2 spriggans (Swamp:2)
  A swamp dragon (Swamp:1)
  An orc sorcerer (Orc:1)
  An unseen horror (D:9)
  4 hornets (Swamp:2)
  A dream sheep (Lair:5)
  A fire bat (D:7)
  2 yaks
  2 nagas (Snake:1)
  An orc warrior (Bailey)
  A centaur (D:11)
  A wight (D:9)
  2 orc wizards
  An orc (Bailey)
  A gnoll zombie (D:8)
  2 briar patches (Swamp:1)
  32 fungi
  46 plants
106 creatures vanquished.

Grand Total: 1213 creatures vanquished

Notes
Turn   | Place    | Note
-------+----------+-------------------------------------------
     0 | D:1      | oldriver the Gargoyle Chaos Knight began the quest for the
                  | Orb.
     0 | D:1      | Reached XP level 1. HP: 14/14 MP: 1/1
    37 | D:1      | Reached XP level 2. HP: 7/19 MP: 2/2
   242 | D:1      | XOM: silly message
   266 | D:1      | Found a faded altar of an unknown god.
   356 | D:1      | Reached XP level 3. HP: 15/24 MP: 3/3
   364 | D:1      | XOM: silly message
   737 | D:2      | Found Lirgh's Book Shop.
   922 | D:2      | XOM: summons 1 hostile shadow creature
  1098 | D:2      | Reached XP level 4. HP: 29/29 MP: 4/4
  1125 | D:2      | XOM: cloud trail
  1173 | D:2      | XOM: noise
  1470 | D:3      | Reached XP level 5. HP: 20/34 MP: 5/5
  1765 | D:3      | XOM: confusion
  1789 | D:3      | XOM: give mutations
  1789 | D:3      | Gained mutation: You occasionally shout uncontrollably at
                  | your foes. [Xom's mischief]
  1789 | D:3      | Gained mutation: Your magical capacity is low. (-10% MP)
                  | [Xom's mischief]
  1965 | D:4      | Noticed Robin
  2031 | D:4      | Reached skill level 1 in Dodging
  2033 | D:4      | Reached XP level 6. HP: 38/39 MP: 5/5
  2033 | D:4      | Noticed Menkaure
  2034 | D:4      | Reached skill level 5 in Axes
  2035 | D:4      | Reached skill level 1 in Shields
  2043 | D:4      | Killed Menkaure
  2044 | D:4      | Reached skill level 5 in Fighting
  2045 | D:4      | Killed Robin
  2182 | D:4      | XOM: divination: detect items
  2187 | D:4      | XOM: cast spell 'Olgreb's Toxic Radiance'
  2224 | D:4      | XOM: potion effect (haste)
  2229 | D:4      | Reached XP level 7. HP: 44/44 MP: 6/6
  2604 | D:4      | XOM: give mutations
  2604 | D:4      | Gained mutation: You have hidden genetic defects. [Xom's
                  | mischief]
  2604 | D:4      | Gained mutation: You occasionally lose the ability to read
                  | scrolls when taking damage. [Xom's mischief]
  2665 | D:5      | Entered Level 5 of the Dungeon
  2667 | D:5      | Noticed Edmund
  2683 | D:5      | Killed Edmund
  2703 | D:5      | Gained mutation: You sometimes lose the ability to read
                  | scrolls when taking damage. [hidden defects]
  2734 | D:5      | Noticed Blork the orc
  2750 | D:5      | Killed Blork the orc
  2751 | D:5      | Reached XP level 8. HP: 51/51 MP: 7/7
  2820 | D:5      | Noticed Eustachio
  2838 | D:5      | Eustachio changed into Eustachio the glowing shapeshifter
  2838 | D:5      | Noticed Eustachio (glowing shapeshifter)
  2838 | D:5      | XOM: polymorph Eustachio -> Eustachio the glowing
                  | shapeshifter
  2838 | D:5      | Eustachio the glowing shapeshifter changed into Eustachio
                  | the snapping turtle
  2838 | D:5      | Noticed Eustachio (glowing shapeshifter)
  2850 | D:5      | HP: 1/51 [Eustachio the snapping turtle (glowing
                  | shapeshifter) (24)]
  2850 | D:5      | XOM: butterfly on damage
  2854 | D:5      | Eustachio the snapping turtle changed into Eustachio the
                  | water nymph
  2854 | D:5      | Noticed Eustachio (glowing shapeshifter)
  2855 | D:5      | Eustachio the water nymph changed into Eustachio the
                  | glowing shapeshifter
  2855 | D:5      | Noticed Eustachio (glowing shapeshifter)
  2855 | D:5      | XOM: polymorph Eustachio the water nymph -> Eustachio the
                  | glowing shapeshifter
  2855 | D:5      | Eustachio the glowing shapeshifter changed into Eustachio
                  | the glowing orange brain
  2855 | D:5      | Noticed Eustachio (glowing shapeshifter)
  2856 | D:5      | Eustachio the glowing orange brain changed into Eustachio
                  | the dream sheep
  2856 | D:5      | Noticed Eustachio (glowing shapeshifter)
  2859 | D:5      | Killed Eustachio the dream sheep
  2868 | D:5      | Gained mutation: You occasionally lose the ability to drink
                  | potions when taking damage. [hidden defects]
  2868 | D:5      | Lost mutation: You have hidden genetic defects. [hidden
                  | defects expressed]
  2922 | D:5      | Noticed Ijyb
  2940 | D:5      | Killed Ijyb
  3056 | D:5      | XOM: 5-stop teleportation journey
  3086 | D:5      | XOM: summons 1 hostile shadow creature
  3095 | D:5      | XOM: god gift: scroll of teleportation
  3222 | D:5      | XOM: 9-stop teleportation journey
  3429 | D:6      | XOM: swap monsters
  3504 | D:6      | Found a staircase to the Ecumenical Temple.
  3665 | D:6      | XOM: give mutations
  3665 | D:6      | Gained mutation: You frequently scream uncontrollably at
                  | your foes. [Xom's mischief]
  3665 | D:6      | Gained mutation: You are frail. (-10% HP) [Xom's mischief]
  3665 | D:6      | Lost mutation: You occasionally lose the ability to drink
                  | potions when taking damage. [Xom's mischief]
  3665 | D:6      | Lost mutation: You sometimes lose the ability to read
                  | scrolls when taking damage. [Xom's mischief]
  3790 | D:6      | XOM: cloud trail
  3992 | D:7      | Reached XP level 9. HP: 48/51 MP: 8/8
  4032 | D:7      | XOM: noise
  4034 | D:7      | Noticed Pikel
  4039 | D:7      | XOM: summons 6 friendly demons
  4043 | D:7      | XOM: fake destruction
  4046 | D:7      | Killed Pikel
  4129 | D:7      | XOM: cleaving
  4133 | D:7      | XOM: summons 2 friendly demons
  4218 | D:7      | Found a hide-covered altar of Uskayaw.
  4324 | D:7      | XOM: polymorph centaur -> fire bat
  4325 | D:7      | XOM: divine lightning
  4424 | D:7      | You fall into a shaft and drop 3 floors!
  4424 | D:10     | XOM: stealth player
  4424 | D:10     | Entered Level 10 of the Dungeon
  4651 | D:10     | Noticed a kobold demonologist
  4663 | D:10     | XOM: enchant monster (bad)
  4666 | D:10     | Noticed a rust devil
  4668 | D:10     | XOM: 3-stop teleportation journey
  4716 | D:10     | a shapeshifter changed into a meliai
  4716 | D:10     | Noticed a meliai (shapeshifter)
  4718 | D:10     | a meliai changed into a rime drake
  4718 | D:10     | Noticed a rime drake (shapeshifter)
  4726 | D:10     | a rime drake changed into something unseen
  4729 | D:10     | Noticed a harpy
  4744 | D:10     | Killed a harpy
  4745 | D:10     | Reached skill level 10 in Axes
  4745 | D:10     | Reached XP level 10. HP: 55/58 MP: 9/9
  4965 | D:10     | Reached skill level 5 in Armour
  4965 | D:10     | XOM: summons friendly iron imp
  5021 | D:8      | Found a flagged portal.
  5080 | Bailey   | Entered a bailey
  5103 | Bailey   | XOM: divination: detect creatures
  5112 | Bailey   | XOM: enchant monster (good)
  5115 | Bailey   | XOM: divination: magic mapping
  5255 | Bailey   | XOM: summons 4 friendly demons
  5290 | Bailey   | XOM: silly message
  5618 | Bailey   | XOM: 5-stop teleportation journey
  5695 | Bailey   | XOM: cast spell 'Summon Small Mammal'
  5715 | Bailey   | XOM: fog
  5906 | Bailey   | XOM: god gift: leather armour {god gift}
  5985 | D:8      | XOM: silly message
  6073 | D:8      | Noticed a two-headed ogre
  6081 | D:8      | Killed a two-headed ogre
  6082 | D:8      | Reached skill level 1 in Evocations
  6118 | D:8      | XOM: silly message
  6171 | D:8      | XOM: give mutation
  6171 | D:8      | Lost mutation: You frequently scream uncontrollably at your
                  | foes. [Xom's mischief]
  6419 | D:8      | XOM: noise
  6426 | D:8      | XOM: scenery: summon butterflies
  6442 | D:8      | XOM: divination: magic mapping
  6450 | D:7      | Reached XP level 11. HP: 64/64 MP: 9/9
  6714 | D:8      | XOM: destruction
  6716 | D:8      | XOM: god gift: 2 atropa-tipped darts
  6743 | D:8      | XOM: 2-stop teleportation journey
  6773 | D:8      | Reached skill level 10 in Fighting
  6783 | D:8      | XOM: scenery: summon butterflies
  6792 | D:8      | XOM: scenery: summon butterflies
  6861 | D:8      | XOM: scenery: summon butterflies
  7365 | D:9      | Found a staircase to the Lair.
  7421 | D:9      | XOM: god gift: plate armour {god gift}
  7507 | D:9      | Found a shimmering blue altar of Sif Muna.
  7540 | D:9      | XOM: smoke on damage
  7578 | D:9      | Identified the +0 demon whip of Arrival {freeze, SInv
                  | Stlth+}
  7897 | D:9      | Noticed a two-headed ogre
  7903 | D:9      | XOM: enchant monster (good)
  7969 | D:9      | Noticed a boulder beetle
  7971 | D:9      | XOM: confuse monster(s)
  7976 | D:9      | Killed a two-headed ogre
  7994 | D:9      | Noticed a boulder beetle
  8000 | D:9      | XOM: divination: detect creatures
  8013 | D:9      | XOM: potion effect (brilliance)
  8021 | D:9      | XOM: draining
  8033 | D:9      | a boulder beetle changed into a four-headed hydra
  8033 | D:9      | Noticed a four-headed hydra
  8033 | D:9      | XOM: polymorph boulder beetle -> four-headed hydra
  8035 | D:9      | XOM: summons 4 friendly demons
  8038 | D:9      | Killed a four-headed hydra
  8145 | D:9      | Noticed a two-headed ogre
  8147 | D:9      | XOM: cast spell 'Summon Horrible Things'
  8151 | D:9      | Killed a two-headed ogre
  8164 | D:9      | Found a staircase to the Orcish Mines.
  8172 | D:9      | Found Caxuoche's Armour Boutique.
  8188 | D:9      | Bought the +1 scale mail "Giotyfas" {Regen+} for 176 gold
                  | pieces
  8228 | D:9      | Noticed an entropy weaver
  8230 | D:9      | XOM: enchant monster (good)
  8249 | D:9      | XOM: confuse monster(s)
  8249 | D:9      | an entropy weaver changed into a golden eye
  8250 | D:9      | Noticed a deep elf pyromancer
  8251 | D:9      | Killed a boulder beetle
  8266 | D:9      | XOM: divination: detect items
  8281 | D:9      | XOM: cast spell 'Cause Fear'
  8317 | D:9      | Reached XP level 12. HP: 72/72 MP: 10/10
  8354 | D:9      | XOM: summons friendly white imp
  8488 | D:9      | XOM: summons 3 friendly demons
  8542 | Lair:1   | Entered Level 1 of the Lair of Beasts
  8643 | Lair:1   | XOM: fog
  8666 | Lair:1   | XOM: god gift: 55 gold pieces
  8754 | Lair:1   | Noticed a four-headed hydra
  8763 | Lair:1   | Killed a four-headed hydra
  8764 | Lair:1   | Reached skill level 1 in Maces & Flails
  8764 | Lair:1   | Reached XP level 13. HP: 72/77 MP: 11/11
  8811 | Lair:1   | XOM: 3-stop teleportation journey
  8821 | Lair:1   | Identified the +0 chain mail of Light {*Slow rC- rN++
                  | rCorr}
  8847 | Lair:1   | XOM: divination: detect items
  8854 | Lair:1   | XOM: fog
  8913 | Lair:1   | XOM: summons friendly quasit
  8932 | Lair:1   | Reached skill level 5 in Shields
  8944 | Lair:1   | XOM: fog
  8964 | Lair:1   | XOM: enchant monster (good)
  9004 | Lair:1   | XOM: 2-stop teleportation journey
  9101 | Lair:1   | XOM: 7-stop teleportation journey
  9595 | Lair:2   | XOM: summons friendly white imp
  9636 | Lair:2   | XOM: polymorph wolf -> howler monkey
  9692 | Lair:2   | XOM: divination: magic mapping
  9794 | Lair:2   | XOM: cleaving
  9798 | Lair:2   | XOM: enchant monster (good)
  9858 | Lair:2   | Noticed puppykicker's ghost (journeyman TeCj)
  9880 | Lair:2   | Found a runed translucent gate.
  9880 | Lair:2   | Found a runed translucent gate.
  9967 | Lair:2   | Found a runed translucent gate.
 10005 | Lair:2   | Identified the +4 scimitar of Compound Interest {freeze,
                  | Int+2 Stlth+}
 10060 | Lair:2   | XOM: confuse monster(s)
 10520 | Lair:3   | Found a staircase to the Swamp.
 10523 | Lair:3   | XOM: cast spell 'Summon Hydra'
 10524 | Lair:3   | Found a staircase to the Snake Pit.
 10532 | Lair:3   | Reached skill level 5 in Maces & Flails
 10553 | Lair:3   | XOM: give mutations
 10553 | Lair:3   | Gained mutation: You expend magic power (3 MP) to
                  | strengthen your wands. [Xom's grace]
 10553 | Lair:3   | Gained mutation: Your flesh is heat resistant. (rF+) [Xom's
                  | grace]
 10564 | Lair:3   | XOM: confuse monster(s)
 10576 | Lair:3   | Reached skill level 10 in Armour
 10578 | Lair:3   | XOM: summons 6 friendly demons
 10583 | Lair:3   | XOM: 3-stop teleportation journey
 10688 | Lair:3   | XOM: divination: magic mapping
 10693 | Lair:3   | XOM: divination: detect creatures
 10707 | Lair:3   | XOM: confuse monster(s)
 10709 | Lair:3   | XOM: confuse monster(s)
 10824 | Lair:3   | XOM: silly message
 10961 | Lair:3   | XOM: cloud trail
 11192 | Lair:3   | XOM: give mutation
 11192 | Lair:3   | Lost mutation: You are frail. (-10% HP) [Xom's mischief]
 11313 | Lair:4   | XOM: polymorph komodo dragon -> dream sheep
 11316 | Lair:4   | XOM: give mutation
 11316 | Lair:4   | Gained mutation: Your magical capacity is very low. (-20%
                  | MP) [Xom's mischief]
 11717 | Lair:4   | XOM: draining
 11742 | Lair:4   | XOM: scenery: 1 doors open
 12349 | Lair:5   | Entered Level 5 of the Lair of Beasts
 12349 | Lair:5   | Noticed Rupert
 12367 | Lair:4   | Killed Rupert
 12391 | Lair:5   | XOM: 1-stop teleportation journey
 12391 | Lair:5   | XOM: smoke on damage
 12392 | Lair:5   | a catoblepas changed into a dire elephant
 12392 | Lair:5   | Noticed a dire elephant
 12392 | Lair:5   | XOM: polymorph catoblepas -> dire elephant
 12397 | Lair:5   | XOM: divination: magic mapping
 12412 | Lair:5   | Gained mutation: Your large and strong wings let you fly.
                  | [Gargoyle growth]
 12412 | Lair:5   | Reached XP level 14. HP: 67/92 MP: 11/11
 12412 | Lair:5   | XOM: destruction
 12476 | Lair:5   | XOM: scenery: summon butterflies
 12538 | Lair:5   | Found a runed translucent door.
 12557 | Lair:5   | XOM: divination: detect creatures
 12561 | Lair:5   | XOM: polymorph komodo dragon -> cane toad
 12563 | Lair:5   | Reached skill level 5 in Evocations
 12576 | Lair:5   | XOM: cast spell 'Summon Ice Beast'
 12581 | Lair:5   | Reached skill level 5 in Dodging
 12643 | Lair:5   | Noticed Urug
 12663 | Lair:5   | XOM: blink monster(s)
 12671 | Lair:5   | Killed Urug
 12693 | Lair:5   | XOM: blink monster(s)
 12723 | Lair:5   | XOM: noise
 12744 | Lair:5   | XOM: blink monster(s)
 12751 | Lair:5   | XOM: 1-stop teleportation journey
 12862 | Lair:5   | XOM: 1-stop teleportation journey
 12903 | Lair:5   | XOM: draining
 13036 | Lair:5   | XOM: give mutations
 13036 | Lair:5   | Gained mutation: You are agile. (Dex +4, Str/Int -1) [Xom's
                  | mischief]
 13036 | Lair:5   | Lost mutation: You occasionally shout uncontrollably at
                  | your foes. [Xom's mischief]
 13036 | Lair:5   | Lost mutation: You are agile. (Dex +4, Str/Int -1) [Xom's
                  | mischief]
 13036 | Lair:5   | Lost mutation: Your flesh is heat resistant. (rF+) [Xom's
                  | mischief]
 13055 | Lair:5   | XOM: swap monsters
 13071 | Lair:5   | a dire elephant changed into a death yak
 13071 | Lair:5   | XOM: polymorph dire elephant -> death yak
 13107 | Lair:5   | XOM: cleaving
 13125 | Lair:5   | XOM: summons friendly quasit
 13149 | Lair:5   | XOM: potion effect (curing)
 13205 | Lair:5   | XOM: chaos cloud
 13261 | Lair:5   | Found a viscous altar of Jiyva.
 13262 | Lair:5   | Noticed an acid blob
 13263 | Lair:5   | Found a staircase to the Slime Pits.
 13292 | Lair:5   | XOM: give mutations
 13292 | Lair:5   | Gained mutation: Your spells are a little harder to cast,
                  | but a little more powerful. [Xom's grace]
 13292 | Lair:5   | Gained mutation: Your spells are harder to cast, but more
                  | powerful. [Xom's grace]
 13292 | Lair:5   | Gained mutation: You have hidden genetic potential. [Xom's
                  | grace]
 13292 | Lair:5   | Gained mutation: You are robust. (+10% HP) [Xom's grace]
 13323 | Lair:5   | XOM: summons 7 friendly demons
 13328 | Lair:5   | XOM: divine lightning
 13887 | Orc:1    | Entered Level 1 of the Orcish Mines
 13903 | Orc:1    | XOM: noise
 13912 | Orc:1    | XOM: silly message
 13918 | Orc:1    | XOM: chaos upgrade
 14212 | Orc:1    | XOM: give mutations
 14212 | Orc:1    | Gained mutation: You are clumsy. (Dex -2) [Xom's mischief]
 14212 | Orc:1    | Lost mutation: You are robust. (+10% HP) [Xom's mischief]
 14212 | Orc:1    | Gained mutation: You are frail. (-10% HP) [Xom's mischief]
 14212 | Orc:1    | Gained mutation: You possess an exceptional clarity of
                  | mind. [Xom's mischief]
 14231 | Orc:1    | XOM: 1-stop teleportation journey
 14252 | Orc:1    | Noticed Erica
 14256 | Orc:1    | XOM: cast spell 'Summon Horrible Things'
 14267 | Orc:1    | Killed Erica
 14531 | Orc:2    | Entered Level 2 of the Orcish Mines
 14531 | Orc:2    | Found Gaqym's Antique Armour Boutique.
 14605 | Orc:2    | XOM: cleaving
 14623 | Orc:1    | XOM: divine lightning
 14625 | Orc:2    | XOM: enchant monster (good)
 14723 | Orc:2    | Bought a dazzling chain mail for 275 gold pieces
 14723 | Orc:2    | Identified the +7 chain mail of Catatonia {Str+3 Int+3
                  | Dex+3} (You bought it in a shop on level 2 of the Orcish
                  | Mines)
 14762 | Orc:2    | XOM: confuse monster(s)
 14790 | Orc:1    | XOM: god gift: tin of tremorstones (2/2)
 14807 | Orc:2    | XOM: fake destruction
 14855 | Orc:2    | Found Urummer's General Store.
 15016 | Orc:2    | Found a staircase to the Elven Halls.
 15301 | Orc:2    | XOM: fog
 15309 | Orc:2    | Noticed an orc warlord
 15310 | Orc:2    | XOM: cast spell 'Olgreb's Toxic Radiance'
 15435 | Orc:2    | Killed an orc warlord
 15441 | Orc:2    | XOM: noise
 15443 | Orc:2    | XOM: confuse monster(s)
 15447 | Orc:1    | XOM: god gift: 8 stones
 15473 | Orc:2    | XOM: confuse monster(s)
 15478 | Orc:1    | XOM: divination: detect creatures
 15479 | Orc:1    | XOM: cast spell 'Summon Mana Viper'
 15493 | Orc:1    | Reached XP level 15. HP: 87/87 MP: 12/12
 15580 | Orc:2    | XOM: silly message
 15582 | Orc:2    | Found Xaygoshra's Jewellery Emporium.
 15612 | Orc:2    | XOM: silly message
 15775 | Orc:2    | Found Liqel's Antique Weapon Shop.
 15966 | Orc:2    | Bought a wand of iceblast (4) for 144 gold pieces
 15966 | Orc:2    | Bought 2 potions of curing for 90 gold pieces
 15966 | Orc:2    | Bought a potion of haste for 150 gold pieces
 16265 | D:10     | Found a shimmering altar of Xom.
 16273 | D:10     | Found a blossoming altar of Fedhas.
 16277 | D:10     | Found a broken altar of Ashenzari.
 16278 | D:10     | Found a hazy altar of Hepliaklqana.
 16278 | D:10     | Found a shadowy altar of Dithmenos.
 16279 | D:10     | Found a burning altar of Makhleb.
 16280 | D:10     | Found an ancient bone altar of Kikubaaqudgha.
 16497 | D:11     | Found a shimmering altar of Xom.
 16497 | D:11     | XOM: swap monsters
 16506 | D:11     | XOM: cast spell 'Dispersal'
 16536 | D:11     | XOM: enchant monster (good)
 16539 | D:11     | XOM: divination: magic mapping
 16574 | D:11     | XOM: silly message
 16672 | D:11     | Noticed Lodul
 16690 | D:11     | Killed Lodul
 17030 | D:11     | XOM is BORED!
 17030 | D:11     | XOM: summons 1 hostile shadow creature
 17130 | D:11     | Found Moiji's Book Boutique.
 17239 | D:12     | XOM: noise
 17268 | D:12     | XOM: silly message
 17269 | D:12     | XOM: 1-stop teleportation journey
 17376 | D:12     | XOM: swap monsters
 17446 | D:12     | Gained mutation: You have a pair of small antennae on your
                  | head. [hidden potential]
 17486 | D:12     | XOM: polymorph cyclops -> jumping spider
 17506 | D:12     | XOM: cast spell 'Summon Small Mammal'
 17580 | D:12     | XOM: give mutations
 17580 | D:12     | Lost mutation: Your spells are harder to cast, but more
                  | powerful. [Xom's mischief]
 17580 | D:12     | Lost mutation: You are frail. (-10% HP) [Xom's mischief]
 17611 | D:12     | XOM: 4-stop teleportation journey
 17770 | D:12     | Found a hide-covered altar of Uskayaw.
 18188 | D:13     | XOM: enchant monster (good)
 18276 | D:13     | Found a gate to the Vaults.
 18280 | D:13     | XOM: confuse monster(s)
 18287 | D:13     | XOM: enchant monster (bad)
 18296 | D:13     | XOM: summons friendly quasit
 18307 | D:13     | XOM: chaos upgrade
 18311 | D:13     | XOM: 3-stop teleportation journey
 18348 | D:13     | XOM: confuse monster(s)
 18369 | D:13     | XOM: potion effect (haste)
 18418 | D:13     | XOM: 5-stop teleportation journey
 18470 | D:13     | XOM: summons 2 friendly demons
 18510 | D:13     | XOM: divination: detect creatures
 18525 | D:13     | XOM: scenery: summon butterflies
 18544 | D:13     | XOM: swap monsters
 18559 | D:13     | XOM: give mutations
 18559 | D:13     | Gained mutation: Your body sometimes deteriorates upon
                  | taking damage. [Xom's mischief]
 18559 | D:13     | Lost mutation: You possess an exceptional clarity of mind.
                  | [Xom's mischief]
 18559 | D:13     | Lost mutation: Your magical capacity is very low. (-20% MP)
                  | [Xom's mischief]
 18561 | D:13     | XOM: scenery: summon butterflies
 18585 | D:13     | XOM: summons 1 friendly demon
 18683 | D:13     | XOM: stat loss: -1 Str (23/24)
 18856 | D:13     | XOM: blink monster(s)
 18861 | D:13     | XOM: swap monsters
 18872 | D:13     | XOM: enchant monster (bad)
 18875 | D:13     | XOM: enchant monster (bad)
 18878 | D:13     | XOM: confusion (+ monsters)
 18879 | D:13     | XOM: silly message
 18891 | D:13     | XOM: blink monster(s)
 18953 | D:13     | XOM: give mutations
 18953 | D:13     | Lost mutation: You have hidden genetic potential. [Xom's
                  | grace]
 18953 | D:13     | Gained mutation: You are somewhat resistant to further
                  | mutation. [Xom's grace]
 18953 | D:13     | Gained mutation: Your mind is acute. (Int +4, Str/Dex -1)
                  | [Xom's grace]
 18953 | D:13     | Gained mutation: You have a pair of antennae on your head.
                  | [Xom's grace]
 18953 | D:13     | Gained mutation: You have sharp fingernails. [Xom's grace]
 18966 | D:13     | XOM: enchant monster (bad)
 19196 | D:10     | XOM: give mutation
 19196 | D:10     | Gained mutation: Your flesh is cold resistant. (rC+) [Xom's
                  | grace]
 19279 | Snake:1  | Entered Level 1 of the Snake Pit
 19303 | Snake:1  | XOM: divination: detect creatures
 19318 | Snake:1  | XOM: scenery: create altars
 19323 | Snake:1  | XOM: summons friendly iron imp
 19324 | Snake:1  | XOM: god gift: 4 silver javelins
 19424 | Snake:1  | XOM: destruction
 19447 | Lair:3   | XOM: cleaving
 19562 | Snake:1  | Reached XP level 16. HP: 76/106 MP: 14/14
 19752 | Snake:1  | XOM: confuse monster(s)
 19761 | Snake:1  | XOM: fog
 19796 | Snake:1  | XOM: enchant monster (good)
 19845 | Snake:1  | Identified the +7 mace "Zouguxics" {freeze, rF+ Int+5
                  | Dex-4}
 19961 | Snake:1  | Identified the +8 long sword of Midnight {freeze, Str+4}
 20024 | Snake:1  | XOM: give mutation
 20024 | Snake:1  | Gained mutation: Your flesh is very cold resistant. (rC++)
                  | [Xom's grace]
 20032 | Snake:1  | Identified the +0 robe "Itih" {MP+9} (Xom gifted it to you
                  | on level 1 of the Snake Pit)
 20032 | Snake:1  | XOM: god gift: +0 robe "Itih" {MP+9}
 20238 | Snake:1  | XOM: god gift: staff of air
 20340 | Snake:2  | XOM: fog
 20359 | Snake:2  | Noticed Jorgrun
 20498 | Snake:2  | XOM: summons 10 friendly demons
 20558 | Snake:2  | XOM: fog
 21107 | Snake:2  | XOM: scenery: create altars
 21156 | Snake:2  | Killed Jorgrun
 21404 | Snake:3  | XOM: divination: detect creatures
 21416 | Snake:3  | XOM: confuse monster(s)
 21629 | Snake:3  | XOM: potion effect (haste)
 21663 | Snake:2  | XOM: divination: detect items
 21697 | Swamp:1  | Entered Level 1 of the Swamp
 21727 | Swamp:1  | XOM: silly message
 21743 | Lair:3   | Reached skill level 15 in Axes
 21793 | Swamp:1  | XOM: potion effect (invisibility)
 21864 | Swamp:1  | XOM: silly message
 21869 | Swamp:1  | XOM: give mutations
 21869 | Swamp:1  | Lost mutation: Your spells are a little harder to cast, but
                  | a little more powerful. [Xom's mischief]
 21869 | Swamp:1  | Lost mutation: Your magical capacity is low. (-10% MP)
                  | [Xom's mischief]
 21891 | Swamp:1  | XOM: scenery: summon butterflies
 22092 | Swamp:1  | Noticed a thorn hunter
 22114 | Swamp:1  | Killed a thorn hunter
 22130 | Swamp:1  | XOM: divine lightning
 22458 | Swamp:2  | XOM: noise
 22516 | Swamp:2  | Reached skill level 10 in Evocations
 22518 | Swamp:2  | XOM: summons 4 friendly demons
 22521 | Swamp:2  | XOM: cast spell 'Olgreb's Toxic Radiance'
 22524 | Swamp:2  | XOM: divination: detect items
 22719 | Swamp:2  | XOM: 2-stop teleportation journey
 22838 | Swamp:2  | XOM: noise
 22843 | Swamp:2  | Noticed Nikola
 22868 | Swamp:2  | Killed Nikola
 22869 | Swamp:2  | Reached skill level 15 in Fighting
 22873 | Swamp:2  | XOM: smoke on damage
 22883 | Swamp:2  | Reached skill level 15 in Armour
 23049 | Swamp:2  | You are sucked into a shaft and drop 1 floor!
 23067 | Swamp:3  | Reached XP level 17. HP: 98/113 MP: 17/17
 23230 | Swamp:2  | XOM: silly message
 23667 | Swamp:3  | XOM: potion effect (berserk rage)
 23874 | Swamp:3  | XOM: swap monsters
 24046 | Swamp:4  | Entered Level 4 of the Swamp
 24103 | Swamp:3  | XOM: summons 4 hostile shadow creatures
 24228 | Swamp:4  | XOM: cast spell 'Summon Ice Beast'
 24248 | Swamp:4  | XOM: god gift: 5 stones
 24297 | Swamp:4  | XOM: god gift: scratched steel ring {god gift}
 24517 | Swamp:4  | XOM: polymorph swamp dragon -> floating eye
 24518 | Swamp:4  | XOM: polymorph three-headed hydra -> satyr
 24522 | Swamp:4  | Noticed the 27-headed Lernaean hydra
 24527 | Swamp:4  | XOM: cast spell 'Olgreb's Toxic Radiance'
 24534 | Swamp:4  | Killed the 27-headed Lernaean hydra
 24555 | Swamp:4  | Paralysed by a floating eye for 4 turns
 24556 | Swamp:4  | XOM: god gift: lajatang {god gift}
 24653 | Swamp:4  | XOM: divination: magic mapping
 24657 | Swamp:4  | XOM: divination: magic mapping
 24679 | Swamp:4  | XOM: noise
 24683 | Swamp:4  | XOM: cast spell 'Leda's Liquefaction'
 24741 | Swamp:4  | XOM: potion effect (invisibility)
 24862 | Swamp:4  | Got a decaying rune of Zot
 25368 | Snake:3  | XOM: summons friendly crimson imp
 25470 | Snake:3  | XOM: cast spell 'Cause Fear'
 25529 | Snake:3  | XOM: cast spell 'Alistair's Intoxication'
 25578 | Snake:3  | XOM: confuse monster(s)
 25638 | Snake:3  | XOM: silly message
 26078 | Snake:4  | Entered Level 4 of the Snake Pit
 26167 | Snake:4  | Noticed Aizul
 26168 | Snake:4  | XOM: confuse monster(s)
 26175 | Snake:4  | XOM: enchant monster (bad)
 26192 | Snake:4  | Killed Aizul
 26213 | Snake:4  | XOM: scenery: 1 doors close
 26229 | Snake:4  | Reached XP level 18. HP: 90/120 MP: 18/18
 26343 | Snake:4  | XOM: summons friendly white imp
 26357 | Snake:4  | XOM: potion effect (haste)
 26405 | Snake:4  | XOM: cloud trail
 26468 | Snake:4  | XOM: 1-stop teleportation journey
 26600 | Snake:4  | Found Xofeilimn's Armour Shoppe.
 26628 | Snake:4  | XOM: divination: magic mapping
 26672 | Snake:4  | XOM: noise
 26673 | Snake:4  | XOM: enchant monster (bad)
 27095 | Snake:4  | XOM: summons 6 hostile demons
 27291 | Snake:4  | XOM: noise
 27294 | Snake:4  | XOM: cast spell 'Alistair's Intoxication'
 27536 | Snake:4  | XOM: noise
 27578 | Snake:4  | XOM: noise
 27706 | Snake:4  | XOM: summons 7 friendly demons
 27715 | Snake:4  | XOM: summons friendly quasit
 27743 | Snake:4  | XOM: 2-stop teleportation journey
 27771 | Snake:4  | Got a serpentine rune of Zot
 27924 | Snake:4  | Lost mutation: You have a pair of antennae on your head.
                  | [potion of mutation]
 27924 | Snake:4  | Lost mutation: Your body sometimes deteriorates upon taking
                  | damage. [potion of mutation]
 27924 | Snake:4  | Lost mutation: You are clumsy. (Dex -2) [potion of
                  | mutation]
 27925 | Snake:4  | Lost mutation: Your mind is acute. (Int +4, Str/Dex -1)
                  | [potion of mutation]
 27925 | Snake:4  | Lost mutation: You expend magic power (3 MP) to strengthen
                  | your wands. [potion of mutation]
 27925 | Snake:4  | Lost mutation: You have a pair of small antennae on your
                  | head. [potion of mutation]
 27926 | Snake:4  | Lost mutation: You are somewhat resistant to further
                  | mutation. [potion of mutation]
 27926 | Snake:4  | Lost mutation: Your flesh is very cold resistant. (rC++)
                  | [potion of mutation]
 27926 | Snake:4  | Lost mutation: Your flesh is cold resistant. (rC+) [potion
                  | of mutation]
 27926 | Snake:4  | Gained mutation: You are occasionally teleported next to
                  | monsters. [potion of mutation]
 27926 | Snake:4  | Gained mutation: You have sharp toenails. [potion of
                  | mutation]
 27927 | Snake:4  | Lost mutation: You occasionally lose the ability to read
                  | scrolls when taking damage. [potion of mutation]
 27927 | Snake:4  | Lost mutation: You are occasionally teleported next to
                  | monsters. [potion of mutation]
 27927 | Snake:4  | Gained mutation: You are frail. (-10% HP) [potion of
                  | mutation]
 27927 | Snake:4  | Lost mutation: You have sharp toenails. [potion of
                  | mutation]
 27927 | Snake:4  | Gained mutation: Your movements are slightly less
                  | encumbered by armour. (ER -2) [potion of mutation]
 28407 | D:14     | XOM: noise
 28493 | D:14     | XOM: summons friendly white imp
 28564 | D:14     | XOM: noise
 28775 | D:14     | XOM: scenery: create altars
 28905 | D:15     | Entered Level 15 of the Dungeon
 28943 | D:15     | XOM: draining
 28956 | D:15     | XOM: noise
 29005 | D:15     | XOM: give mutations
 29005 | D:15     | Gained mutation: You are partially covered in iridescent
                  | scales. (AC +2) [Xom's mischief]
 29005 | D:15     | Gained mutation: You occasionally lose the ability to read
                  | scrolls when taking damage. [Xom's mischief]
 29005 | D:15     | Gained mutation: Your body sometimes deteriorates upon
                  | taking damage. [Xom's mischief]
 29005 | D:15     | Gained mutation: You occasionally shout uncontrollably at
                  | your foes. [Xom's mischief]
 29208 | D:15     | XOM: confusion
 29261 | D:15     | Found a staircase to the Depths.
 29261 | D:15     | XOM: polymorph red ugly thing -> purple ugly thing
 29666 | D:15     | Found a sparkling altar of Nemelex Xobeh.
 29988 | Vaults:1 | Entered Level 1 of the Vaults
 29996 | Vaults:1 | XOM: 1-stop teleportation journey
 29997 | Vaults:1 | XOM: cleaving
 30000 | Vaults:1 | XOM: 6-stop teleportation journey
 30007 | Vaults:1 | Reached XP level 19. HP: 114/115 MP: 19/19
 30042 | Vaults:1 | XOM: 2-stop teleportation journey
 30081 | Vaults:1 | XOM: 1-stop teleportation journey
 30126 | Vaults:1 | XOM: divine lightning
 30137 | Vaults:1 | XOM: confusion
 30665 | Vaults:1 | XOM: 1-stop teleportation journey
 30686 | Vaults:1 | XOM: polymorph vault warden -> iron dragon
 30687 | Vaults:1 | XOM: enchant monster (good)
 30827 | Vaults:1 | XOM: 1-stop teleportation journey
 31054 | Vaults:1 | XOM: confusion
 31062 | Vaults:1 | XOM: fake destruction
 31398 | Vaults:2 | XOM: noise
 31435 | Vaults:2 | XOM: scenery: 1 doors open
 31478 | Vaults:2 | XOM: potion effect (brilliance)
 31481 | Vaults:2 | XOM: divination: detect items
 31486 | Vaults:2 | XOM: noise
 31718 | Vaults:2 | Noticed Feshunla's ghost (adept KoEn)
 31720 | Vaults:2 | Found a transporter.
 31772 | Vaults:2 | XOM: silly message
 31846 | Vaults:2 | XOM: noise
 31849 | Vaults:2 | XOM: potion effect (invisibility)
 31854 | Vaults:2 | XOM: confusion
 31859 | Vaults:2 | XOM: swap monsters
 31924 | Vaults:2 | XOM: silly message
 31944 | Vaults:2 | You are sucked into a shaft and drop 2 floors!
 31958 | Vaults:4 | XOM: potion effect (heal wounds)
 31960 | Vaults:4 | XOM: confuse monster(s)
 32047 | Vaults:4 | Found a flickering gateway to a bazaar.
 32065 | Bazaar   | Entered a bazaar
 32086 | Bazaar   | Found Borghail's Jewellery Shoppe.
 32086 | Bazaar   | Found Kuruef's Weapon Emporium.
 32108 | Bazaar   | Found Ximpus's Assorted Antiques.
 32113 | Bazaar   | Bought a potion of curing for 39 gold pieces
 32124 | Bazaar   | Found Mifofur's Magic Scroll Shoppe.
 32124 | Bazaar   | Found Wuotyask's Weapon Emporium.
 32135 | Bazaar   | Bought a scroll of fear for 72 gold pieces
 32135 | Bazaar   | Bought a scroll of blinking for 135 gold pieces
 32135 | Bazaar   | Bought a scroll of teleportation for 54 gold pieces
 32135 | Bazaar   | Bought a scroll of fear for 72 gold pieces
 32240 | Vaults:4 | XOM: 3-stop teleportation journey
 32272 | Vaults:4 | XOM: 3-stop teleportation journey
 32338 | Vaults:4 | XOM: enchant monster (good)
 32416 | Vaults:4 | XOM: blink monster(s)
 32417 | Vaults:4 | XOM: confuse monster(s)
 32560 | Vaults:4 | Reached skill level 10 in Dodging
 32694 | Vaults:4 | Reached XP level 20. HP: 121/122 MP: 20/20
 32815 | Vaults:4 | Identified a scroll of acquirement
 32823 | Vaults:4 | XOM: enchant monster (bad)
 32826 | Vaults:4 | XOM: blink monster(s)
 32886 | Vaults:4 | XOM: chaos upgrade
 32937 | Vaults:4 | XOM: smoke on damage
 32955 | Vaults:4 | Acquired 807 gold pieces
 33004 | Vaults:4 | XOM: give mutations
 33004 | Vaults:4 | Lost mutation: You are partially covered in iridescent
                  | scales. (AC +2) [Xom's mischief]
 33004 | Vaults:4 | Lost mutation: Your movements are slightly less encumbered
                  | by armour. (ER -2) [Xom's mischief]
 33004 | Vaults:4 | Gained mutation: You frequently scream uncontrollably at
                  | your foes. [Xom's mischief]
 33274 | Vaults:4 | XOM: confuse monster(s)
 33452 | Vaults:4 | XOM: confuse monster(s)
 33625 | Vaults:5 | Entered Level 5 of the Vaults
 33627 | Vaults:5 | XOM: summons friendly quasit
 33713 | Vaults:5 | Noticed Saint Roka
 33714 | Vaults:5 | Noticed a golden dragon
 33718 | Vaults:5 | XOM: divination: detect creatures
 33726 | Vaults:5 | XOM: silly message
 33740 | Vaults:5 | Noticed an ancient lich
 33743 | Vaults:5 | XOM: confuse monster(s)
 33747 | Vaults:5 | Identified the +6 long sword "Kual" {antimagic, rN+++ Will-
                  | Str-2 Dex+5}
 33759 | Vaults:5 | XOM: butterfly on damage
 33764 | Vaults:5 | XOM: divination: detect creatures
 33764 | Vaults:5 | Killed from afar by an ancient lich

Illustrated notes

Levels and vault maps discovered:
D:1:      spicycebolla_green_bress_n_ham, layout_rooms,
          ebering_ecumenical_altar_mist
D:2:      layout_loops_ring, serial_shops, shop
D:3:      layout_rooms
D:4:      layout_cave_pools, minmay_misc_feat_pillars, uniq_menkaure, uniq_robin
D:5:      layout_basic, uniq_eustachio, uniq_blork_the_orc, uniq_edmund,
          uniq_ijyb
D:6:      layout_cave_pools, minmay_temple_entry_tees, serial_park_tiny_2
D:7:      layout_cave_pools, mainiacjoe_overflow_concentric_impassable,
          uniq_pikel
D:8:      layout_layer_cave, enter_bailey_2
D:9:      layout_rooms, kennysheep_mini_moat, erik_lair_island, orc_david_3,
          minmay_pinched_square
D:10:     layout_gridville, general_overflow_altar, minitemple
D:11:     layout_basic, serial_shops, kennysheep_mini, xom_confusion_cloud,
          uniq_lodul
D:12:     kennysheep_blocky_hall, layout_basic, nicolae_uskayaw_en_pointe
D:13:     layout_basic, lightli_vaults_fourway_checkpoint,
          minmay_tree_intersection, minmay_alternating_orb
D:14:     layout_basic, kennysheep_boxes, minivault_22
D:15:     gammafunk_enter_depths_forms, layout_cave_pods,
          nemelex_spade_bored_becter
Lair:1:   layout_long_grid, grunt_megastairs_2
Lair:2:   layout_roguey, gammafunk_ghost_split, st_stairs_3
Lair:3:   layout_misc_corridors, swamp_mist, guppyfry_snake_entry_island
Lair:4:   layout_regular_city, infiniplex_staircase_pool_2
Lair:5:   evilmike_catoblepas_cave, layout_regular_city, slime_entry_2,
          grunt_megastairs_4, serial_bayou_shore_a, serial_bayou_shore_b,
          uniq_rupert, uniq_urug
Swamp:1:  layout_basic_swamp, evilmike_swamp_ruin_house_3
Swamp:2:  layout_falls_marsh, serial_swamp_ruin, evilmike_swamp_ruin_rubble_1,
          evilmike_swamp_ruin_house_5, evilmike_swamp_ruin_wall, swamp_pool2,
          infiniplex_staircase_pool, uniq_nikola
Swamp:3:  layout_falls_marsh, evilmike_swamp_ruin_house_2
Swamp:4:  swamp_old_school, layout_basic_swamp, swamp_pool2
Snake:1:  layout_honeycomb
Snake:2:  layout_misc_corridors, uniq_jorgrun
Snake:3:  layout_rooms, nicolae_snake_salamander_zone
Snake:4:  snake_pit_salamanders_mu, layout_basic, serial_bayou_shore_b,
          minmay_shop_star, uniq_aizul
Orc:1:    layout_caves, uniq_erica
Orc:2:    grunt_orc_gardens, layout_caves, grunt_orc_garden, grunt_orc_garden,
          grunt_orc_garden, grunt_orc_garden
Vaults:1: ontoclasm_vaults_twist, vaults_room_large_hall, ontoclasm_vaults_echo,
          nicolae_vaults_border_crossing, vaults_dpeg_diagonal,
          grunt_vaults_bifocal, layout_vaults_omnigrid
Vaults:2: gammafunk_ghost_arena, ontoclasm_vaults_idyll, v_misc_26,
          hangedman_vaults_restitches, v_pattern_3,
          nicolae_vaults_specimen_jars, vaults_room_door_hall,
          nicolae_vaults_puzzle_piece, v_rooms_6, nicolae_vaults_display_case,
          nicolae_vaults_shelves_hall, vaults_room_octagon,
          vaults_dpeg_encased_lava, layout_vaults_maze
Vaults:4: v_rooms_4, grunt_vaults_focal, v_misc_19, ontoclasm_vaults_pinch,
          nicolae_vaults_sealed_display, vaults_room_fours, v_misc_5,
          v_pattern_4, vaults_room_glass_cross, nicolae_vaults_big_ls,
          ontoclasm_vaults_ring_small, v_misc_17, grunt_vaults_hallway_short,
          vaults_dpeg_cross, nicolae_vaults_little_squares_1,
          layout_vaults_omnicross, serial_shops, bzr_entry_customers
Vaults:5: uniq_saint_roka

Skill      XL: |  1  2  3  4  5  6  7  8  9 10 11 12 13 14 15 16 17 18 19 20 |
---------------+-------------------------------------------------------------+-----
Axes           | 3 4 5 6 7 10 11 13 14 15 16 17 | 17.5
Fighting       | 4 5 7 8 9 12 14 15 16 17 18 | 18.7
Dodging        | 1 2 4 6 8 10 | 10.8
Shields        | 1 3 4 5 6 |  6.0
Armour         | 3 4 6 8 10 12 14 15 16 17 18 | 18.7
Evocations     | 1 2 4 7 9 10 11 12 13 14 | 14.0
Maces & Flails | 1 6 |  6.9

Action                     |  1- 3 |  4- 6 |  7- 9 | 10-12 | 13-15 | 16-18 | 19-21 || total
---------------------------+-------+-------+-------+-------+-------+-------+-------++-------
  Melee: Hand axe          |    96 |   161 |   342 |   596 |       |       |       ||  1195
         Punch             |     1 |     1 |       |       |       |       |       ||     2
         Demon whip        |       |       |       |    33 |  2065 |     8 |       ||  2106
         Broad axe         |       |       |       |       |    34 |  1703 |   705 ||  2442
  Evoke: Piece from Xom's  |     2 |       |     6 |    12 |       |     1 |       ||    21
         Wand              |       |       |       |     1 |       |     1 |       ||     2
         Phantom mirror    |       |       |       |     1 |     2 |     2 |     1 ||     6
         Condenser vane    |       |       |       |       |     2 |     3 |     3 ||     8
         Tin of tremorston |       |       |       |       |     1 |     3 |     5 ||     9
         Phial of floods   |       |       |       |       |       |     3 |       ||     3
    Use: Scroll            |     1 |     5 |     7 |     5 |    15 |     6 |     4 ||    43
         Potion            |       |     1 |     5 |     3 |     2 |     6 |    15 ||    32
   Stab: Petrified         |     1 |       |     4 |    28 |    25 |       |       ||    58
         Petrifying        |     1 |       |     1 |     4 |     1 |       |       ||     7
         Paralysed         |       |       |     3 |     1 |     5 |     2 |     4 ||    15
         Sleeping          |       |       |     2 |       |     1 |     1 |       ||     4
         Confused          |       |       |     1 |     3 |     5 |     4 |    11 ||    24
         Distracted        |       |       |       |     1 |     2 |     1 |       ||     4
         Invisible         |       |       |       |       |       |     8 |     8 ||    16
 Armour: Leather armour    |    47 |   105 |   147 |   157 |       |       |       ||   456
         Steam dragon scal |       |       |       |    89 |       |       |       ||    89
         Scale mail        |       |       |       |    56 |   401 |       |       ||   457
         Chain mail        |       |       |       |       |   384 |  1221 |   429 ||  2034
  Dodge: Dodged            |    55 |    84 |   265 |   510 |   879 |  1004 |   423 ||  3220
  Block: Buckler           |       |    15 |    48 |   143 |   383 |   517 |   202 ||  1308
         Kite shield       |       |       |       |       |    19 |       |       ||    19

Table legend: (Time is in decaauts)
 A = Elapsed time spent in this place.
 B = Non-inter-level travel time spent in this place.
 C = Inter-level travel time spent in this place.
 D = Time resting spent in this place.
 E = Time spent auto-exploring this place.
 F = Levels seen in this place.
 G = Mean time per level.
                   A        B        C        D        E       F      G
               +--------+--------+--------+--------+--------+-----+--------+
         Total |  32250 |  30277 |   1973 |   2121 |  18875 |  36 |  895.8 |
       Dungeon |  12438 |  11459 |    979 |    448 |   7538 |  15 |  829.2 |
          Lair |   5170 |   4715 |    455 |     93 |   3570 |   5 | 1034.0 |
         Swamp |   3466 |   3315 |    151 |    426 |   1824 |   4 |  866.5 |
     Snake Pit |   4891 |   4646 |    245 |    513 |   2502 |   4 | 1222.8 |
  Orcish Mines |   1835 |   1771 |     64 |    389 |    865 |   2 |  917.5 |
        Vaults |   3479 |   3402 |     77 |    229 |   2178 |   4 |  869.8 |
        Bazaar |     94 |     94 |      0 |      0 |     86 |   1 |   94.0 |
        Bailey |    873 |    873 |      0 |     21 |    311 |   1 |  873.0 |
               +--------+--------+--------+--------+--------+-----+--------+

Top non-repeatable levels by time:
 Snake:4: 1880 daAuts
Vaults:4: 1548 daAuts
Vaults:1: 1353 daAuts
     D:9: 1309 daAuts
     D:8: 1243 daAuts
  Lair:5: 1237 daAuts
 Snake:1: 1152 daAuts
  Lair:1: 1109 daAuts
   Orc:2: 1076 daAuts
 Swamp:2: 1039 daAuts
 Swamp:4: 1012 daAuts
    D:10: 1005 daAuts
    D:15: 991 daAuts
  Lair:4: 981 daAuts
  Lair:3: 940 daAuts
